Cogmind - Beta 16.1 @@@ ROGUE MODE // 2026.02.17 @ 17:38:01 Player: f3-rnm Result: Destroyed by G-73 Enforcer with Phase Gun Performance ------------- Evolutions (9) 4500 Regions Visited (22) 4400 Robots Destroyed (197) 985 Value Destroyed (10125) 10125 Prototype IDs (65) 1300 Alien Tech Used (2) 400 Bonus (13568) 13568 TOTAL SCORE: 35278 Bonus ------- Triggered High Security 500 High Alert Combat Kills 4866 Follower Combat Kills 6300 Registered with UFD 300 Met Optimus in HQ 500 Met Zhirov 300 MAIN.C Attacked Warlord 500 Warlord Defense Kills 1354 Scanned by Researcher 500 Friendly Fire -1552 Cogmind --------- Core Integrity 0/1600 Matter 196/300 Energy 98/100 System Corruption 3% Temperature Cool (27) Movement Core (50) Location -1/Access Parts ------- > --- POWER (3) -------- (None) > --- PROPULSION (6) --- (None) > --- UTILITY (10) ----- (None) > --- WEAPON (6) ------- (None) > --- INVENTORY (5) ---- (None) Peak State ------------ > --- POWER ------------ Improved Quantum Reactor Improved Quantum Reactor > --- PROPULSION ------- Myomer Leg Biometal Leg Centrium Leg Centrium Leg Heavy Shield Leg > --- UTILITY ---------- Advanced Coolant Injector Huge Storage Unit Long-range Sensor Array Advanced Signal Interpreter Advanced Targeting Computer Quantum Capacitor Experimental Thermal Shield System Mapper > --- WEAPON ----------- Plasma Storm Vortex Rail > --- INVENTORY -------- Light Quantum Reactor Biometal Leg Biometal Leg Improved Thunder Leg Centrium Leg Heavy Shield Leg Advanced Heat Sink Advanced Heat Sink Advanced Energy Well Compact Matter Pod Matter Compressor Advanced Thermal Shield Advanced Force Field Improved System Shield High-powered Tractor Beam Mobile Refinery Mk. CCLXVII Cooled Plasma Cannon Tiamat Missile Launcher Vortex Catalyst Activator CPS Tube CR-A16's Pointy Stick Large Botcube [Rating: 192] Favorites ----------- Power Improved Deuterium Engine Engine Improved Deuterium Engine Power Core Light Nuclear Core Reactor Vortex Chain Reactor Propulsion Overtuned Huge Scrapsphere Treads Spiked Treads Leg Myomer Leg Wheel Overtuned Huge Scrapsphere Utility Huge Storage Unit Device Scrap Suit Storage Huge Storage Unit Processor Improved Signal Interpreter Hackware Hacking Suite Protection Core Shielding Weapon 1B-0RG's Assimilator Energy Gun Plasma Storm Energy Cannon Cooled Plasma Cannon Ballistic Gun Helical Railgun Ballistic Cannon Battle Cannon Launcher Missile Launcher Special Weapon CPS Tube Slashing Weapon Makeshift Sword Piercing Weapon CR-A16's Pointy Stick Special Melee Weapon 1B-0RG's Assimilator Build | -11 -10 -10 -8 -6 -6 -6 -6 -5 -5 -5 -5 -5 -4 -4 -4 -4 -4 -3 -3 -3 -2 -1 ------- Run | Yrd Mat Sub Scr Fac Low Low Zio Pro Fac Upp Upp War Pro Fac Upp Upp Zhi Pro Res Tes Res Acc Slots Evolved 18 | . . . . 8 . . . . 2 . . . . 2 . . . . 2 . 2 2 Power 2 | . . . . . . . . . 1 . . . . . . . . . . . . 1 Propulsion 4 | . . . . . . . . . . . . . . 2 . . . . 2 . . . Utility 8 | . . . . 4 . . . . 1 . . . . . . . . . . . 2 1 Weapon 4 | . . . . 4 . . . . . . . . . . . . . . . . . . Parts Attached 172 | 5 1 10 7 11 9 2 4 2 9 2 3 10 . 5 1 9 4 1 6 14 52 5 Power 23 | . . 2 2 1 . . . 1 2 1 . 1 . . . . 1 1 1 1 9 . Engine 6 | . . 2 1 1 . . . . 2 . . . . . . . . . . . . . Core 3 | . . . 1 . . . . 1 . 1 . . . . . . . . . . . . Reactor 14 | . . . . . . . . . . . . 1 . . . . 1 1 1 1 9 . Propulsion 45 | 2 . 1 2 2 1 . . . . . . . . 3 . 4 . . 1 7 19 3 Treads 5 | 2 . 1 2 . . . . . . . . . . . . . . . . . . . Leg 37 | . . . . . . . . . . . . . . 3 . 4 . . 1 7 19 3 Wheel 3 | . . . . 2 1 . . . . . . . . . . . . . . . . . Hover . | . . . . . . . . . . . . . . . . . . . . . . . Flight . | . . . . . . . . . . . . . . . . . . . . . . . Utility 60 | 1 1 1 1 7 4 . 3 . 2 1 3 7 . 2 1 4 3 . 2 4 13 . Device 40 | . . . 1 6 3 . 3 . . 1 2 3 . 1 1 1 1 . 1 3 13 . Storage 7 | 1 . 1 . . 1 . . . . . 1 1 . . . 1 1 . . . . . Processor 6 | . . . . 1 . . . . 1 . . 3 . . . . . . 1 . . . Hackware 3 | . . . . . . . . . . . . . . 1 . . 1 . . 1 . . Protection 4 | . 1 . . . . . . . 1 . . . . . . 2 . . . . . . Artifact . | . . . . . . . . . . . . . . . . . . . . . . . Weapon 44 | 2 . 6 2 1 4 2 1 1 5 . . 2 . . . 1 . . 2 2 11 2 Energy Gun 6 | . . . . . 1 1 . . . . . 1 . . . . . . . 1 2 . Energy Cannon 1 | . . . . . . . . . 1 . . . . . . . . . . . . . Ballistic Gun 17 | 2 . 2 . . 1 . . . . . . 1 . . . 1 . . . 1 9 . Ballistic Cannon 3 | . . 3 . . . . . . . . . . . . . . . . . . . . Launcher 9 | . . 1 1 . . . . 1 4 . . . . . . . . . . . . 2 Special Weapon 2 | . . . . . 2 . . . . . . . . . . . . . . . . . Impact Weapon . | . . . . . . . . . . . . . . . . . . . . . . . Slashing Weapon 4 | . . . 1 . . 1 . . . . . . . . . . . . 2 . . . Piercing Weapon 1 | . . . . . . . 1 . . . . . . . . . . . . . . . Special Melee Weapon 1 | . . . . 1 . . . . . . . . . . . . . . . . . . Unidentified Prototypes 31 | . . . . 1 1 . 1 . 3 . . 5 . . . 2 4 1 2 6 3 2 Parts Lost 57 | . . 4 . . . 1 . 1 2 . 2 1 . 1 . . . 1 . 9 16 19 Power 13 | . . 1 . . . . . 1 1 . 1 . . . . . . 1 . 1 4 3 Propulsion 15 | . . 1 . . . . . . . . . . . . . . . . . 4 2 8 Utility 17 | . . . . . . . . . 1 . 1 1 . 1 . . . . . 2 4 7 Weapon 12 | . . 2 . . . 1 . . . . . . . . . . . . . 2 6 1 Highest Loss Streak 13 | . . 2 . . . 1 . 1 1 . 1 1 . 1 . . . 1 . 7 4 13 To Critical Strikes 3 | . . 1 . . . . . . . . . . . . . . . . . . . 2 Average Backups 16 | 2 4 17 10 18 17 19 16 17 17 18 16 16 19 19 20 18 18 17 18 18 19 9 Power . | 1 2 1 . . . 1 . . . . . . 1 1 1 1 1 . 1 1 . . Propulsion 2 | . 1 4 2 1 1 1 1 2 2 2 2 2 5 3 3 2 2 2 1 . 3 2 Utility 7 | . . 4 4 11 10 12 10 11 11 9 8 6 4 4 5 4 4 6 6 6 7 4 Weapon 4 | . . 6 1 3 5 2 1 2 2 3 4 5 8 9 10 9 8 7 7 7 5 2 Tool/Special . | . . . . . . . . . . . . . . . . . . . . . . . Unused Backups 71 | . . 8 8 4 24 2 1 . 2 1 . 4 1 3 . 1 . . 1 5 4 2 Power 6 | . . 2 2 . 2 . . . . . . . . . . . . . . . . . Propulsion 15 | . . 2 3 1 3 . . . . . . 2 . 1 . . . . . . 3 . Utility 29 | . . 2 2 3 9 2 . . 2 1 . 1 1 . . . . . . 4 1 1 Weapon 19 | . . 2 1 . 10 . 1 . . . . . . 2 . 1 . . 1 1 . . Tool/Special 2 | . . . . . . . . . . . . 1 . . . . . . . . . 1 Average Slot Usage (%) 71 | . 83 95 76 62 56 46 53 60 63 64 64 60 58 59 63 72 70 77 75 76 80 40 Engine 4 | . . 11 2 3 6 6 6 3 4 5 1 . . . . . . . . . . . Core 1 | . . . 6 2 . . . 2 4 5 9 5 . . . . . . . . . . Reactor 1 | . . . . . . . . . . . . 2 5 5 5 5 4 9 9 8 7 4 Treads 9 | . 28 25 23 . . . . . . . . . . . . . . . . . . . Leg 3 | . . . . . . . . . . . . . . 6 10 20 21 21 25 26 23 12 Wheel 3 | . . . . 12 7 6 6 6 5 5 5 5 5 5 5 . . . . . . . Device 11 | . . . 9 16 14 13 20 26 23 23 21 17 17 10 10 10 9 5 5 8 16 9 Storage 8 | . 14 14 11 6 6 6 5 6 5 5 6 9 5 5 5 5 5 5 4 5 4 2 Processor 3 | . . . . 5 5 . . . . 5 5 5 11 10 10 10 10 10 9 9 8 5 Hackware 1 | . . . . . . . . . . . . . . 4 5 5 5 10 5 4 4 2 Protection 4 | . 12 14 4 . . . . . 4 . . . . . . 4 5 5 4 2 . . Ballistic Gun 2 | . 28 5 4 . . . . . . . . . 1 . . . . . . . 9 . Ballistic Cannon 4 | . . 21 . . . . . . . . . . . . . . . . . . . . Slashing Weapon 2 | . . . 8 6 5 5 1 . . . . . . . . . . . 1 1 . . Piercing Weapon 1 | . . . . . . . 4 5 1 2 5 1 3 4 5 4 . 3 2 . . . Special Melee Weapon 2 | . . . . 5 6 6 6 6 5 5 5 5 5 5 5 5 5 5 4 2 . . Peak Build Rating 192 | 5 6 27 37 116 128 129 129 118 131 131 131 147 147 154 154 170 169 169 184 187 192 165 Average Rating 92 | 3 5 16 26 112 112 127 119 117 127 130 129 136 144 149 153 166 165 164 173 167 177 83 On Entrance 114 | . 5 6 21 37 116 128 127 118 118 129 129 129 146 146 152 154 169 169 163 184 150 137 Avg Prop Armor Cover (%) 7 | . . . . . . . . . . . . . . 8 8 8 . . . 12 2 . Naked Turns 147 | . . . . . . . . . . . . . . . . . . . . . . 147 Heaviest Build 194 | 8 9 98 96 159 161 164 165 159 190 177 176 194 193 189 179 191 193 188 177 176 158 158 Greatest Support 178 | 40 40 40 40 16 20 20 20 20 20 20 20 20 20 20 20 105 105 105 158 158 178 178 Greatest Overweight (x) 9 | . . 4 4 9 9 8 8 7 9 8 8 9 9 9 8 8 1 1 1 6 1 2 Average Overweight (x) 4 | . . 2 . 9 7 7 7 7 8 8 8 8 9 8 8 1 1 1 1 . . . Largest Inventory Capacity 25 | 8 8 25 25 25 25 25 25 25 25 25 25 25 25 25 25 25 25 25 25 25 25 25 Average Capacity 23 | 6 8 24 21 25 25 25 23 25 25 25 25 25 25 25 25 25 25 25 25 25 25 17 Most Carried 25 | 3 6 25 25 25 25 25 25 25 25 25 25 25 25 25 25 25 25 25 25 25 25 22 Average Carried 22 | 2 4 20 19 24 21 24 22 24 24 24 24 23 24 24 25 24 24 23 24 22 24 12 Final Capacity 25 | 8 8 25 25 25 25 25 25 25 25 25 25 25 25 25 25 25 25 25 25 25 25 5 Final Carried 25 | 3 6 23 25 25 24 25 25 25 25 25 23 24 25 25 25 24 25 23 25 24 22 . Scrap Suit Usage (%) 19 | . . . . 100 97 29 . . . 35 100 92 . . . . . . . . . . Parts Cannibalized 6 | . . . . 1 1 1 . . . . . 3 . . . . . . . . . . Class Distribution -------------------- 56% | Mutant 9% | Derelict-Mutant 7% | Scavenger-Mutant 6% | Commander-Mutant 4% | Infiltrator-Mutant 3% | Scavenger-Executioner 3% | Hacker-Mutant Dominant Class ---------------- Mutant | -10/Materials Mutant | -10/Subcaves Derelict-Mutant | -8/Scraptown Mutant | -6/Factory Mutant | -6/Lower Caves Mutant | -6/Lower Caves Mutant | -6/Zion Infiltrator-Mutant | -5/Proximity Caves Scavenger-Mutant | -5/Factory Commander-Assassin | -5/Upper Caves Scavenger-Mutant | -5/Upper Caves Commander-Mutant | -5/Warlord Commander-Mutant | -4/Proximity Caves Scavenger-Mutant | -4/Factory Mutant | -4/Upper Caves Mutant | -4/Upper Caves Mutant | -4/Zhirov Hacker-Mutant | -3/Proximity Caves Mutant | -3/Research Hacker-Mutant | -3/Testing Scavenger-Executioner | -2/Research Mutant | -1/Access Resources | -11 -10 -10 -8 -6 -6 -6 -6 -5 -5 -5 -5 -5 -4 -4 -4 -4 -4 -3 -3 -3 -2 -1 ----------- Run | Yrd Mat Sub Scr Fac Low Low Zio Pro Fac Upp Upp War Pro Fac Upp Upp Zhi Pro Res Tes Res Acc Matter Collected 15838 | 215 88 1106 316 291 1797 1685 1246 39 807 586 104 1039 150 1415 99 921 85 35 . 998 2275 541 Remotely 2015 | . . . . . . . . . . . . 149 . 225 . 194 . . . . 1110 337 Salvage Created 10718 | . 146 234 . 265 400 98 . 133 194 63 . 647 7 120 . . . 32 132 1665 5708 874 Parts 434 | . 11 15 . 7 20 3 . 6 13 3 . 41 1 4 . . . 2 6 60 222 20 Haulers Intercepted 4 | . . . . . . . . . . . . . . . . . . . . . 2 2 Recyclers Shooed 3 | . . . . . . . . . . . . . . . . . . . . . . 3 Parts Field Recycled . | . . . . . . . . . . . . . . . . . . . . . . . Retrieved Matter . | . . . . . . . . . . . . . . . . . . . . . . . Parts Self-Destructed 147 | . . 5 . . 27 41 3 11 . 11 9 . 14 . . 15 . 11 . . . . Prevented 15 | . . . . . . . . . . 5 2 . 7 . . 1 . . . . . . Parts Restored . | . . . . . . . . . . . . . . . . . . . . . . . Kills | -11 -10 -10 -8 -6 -6 -6 -6 -5 -5 -5 -5 -5 -4 -4 -4 -4 -4 -3 -3 -3 -2 -1 ------- Run | Yrd Mat Sub Scr Fac Low Low Zio Pro Fac Upp Upp War Pro Fac Upp Upp Zhi Pro Res Tes Res Acc Combat Hostiles Destroyed 139 | . 5 9 . 2 . . . 3 6 1 . 14 1 . . . . 1 3 22 60 12 Melee 4 | . . . . 2 . . . 1 . . . . . . . . . . . 1 . . Guns 30 | . 5 1 . . . . . . . . . 3 . . . . . . . . 21 . Cannons 8 | . . 6 . . . . . . . 1 . . . . . . . 1 . . . . AOE 86 | . . 2 . . . . . 2 6 . . 11 1 . . . . . 3 17 32 12 Classes Destroyed 21 | . 3 2 . 3 1 . . 1 1 1 . 4 . 1 . . . . . 3 1 . Worker 11 | . . . . 1 . . . . . . . . . . . . . . . 3 5 2 Builder 18 | . 1 . . . . . . . 1 . . . . . . . . . . 3 10 3 Hauler 6 | . . . . . . . . . . . . . . 1 . . . . 1 . 2 2 Recycler 6 | . . . . 1 . . . . . . . . . . . . . . . . 2 3 Mechanic 3 | . . . . . . . . . . . . 1 . . . . . . . . 1 1 Operator 2 | . . . . . . . . . 1 . . . . . . . . . . . 1 . Watcher 4 | . . . . 1 . . . . . . . . . . . . . . . . 2 1 Swarmer 17 | . 3 . . 2 . . . 1 3 . . 3 1 . . . . 1 3 . . . Saboteur 2 | . . . . . . . . . . . . 2 . . . . . . . . . . Grunt 52 | . 2 . . . . . . 1 3 . . 5 . . . . . . . 8 29 4 Brawler 3 | . . . . . . . . . . . . . . . . . . . . 2 1 . Duelist 6 | . . . . . . . . . . . . 1 . . . . . . . 2 3 . Protector 2 | . . . . . . . . . . . . . . . . . . . . 2 . . Researcher 2 | . . . . . . . . . . . . . . . . . . . . 2 . . Sentry 4 | . . 1 . . . . . . . . . . . . . . . . . . 3 . Hunter 20 | . . . . . . . . . . 1 . 1 . . . . . . . 3 10 5 Programmer 19 | . . . . . . . . . . . . 2 . . . . . . . 4 10 3 Q-Series 4 | . . . . . . . . . . . . . . . . . . . . . 4 . Behemoth 1 | . . . . . . . . 1 . . . . . . . . . . . . . . Protovariant L 1 | . . . . . . . . . . . . . . . . . . . . 1 . . Subdweller 8 | . . 8 . . . . . . . . . . . . . . . . . . . . Scrapoid 6 | . . . . . 5 . . 1 . . . . . . . . . . . . . . Decomposer 2 | . . . . . . 2 . . . . . . . . . . . . . . . . Best Kill Streak 18 | . 5 2 . 2 . . . 2 4 1 . 9 1 . . . . 1 3 10 18 12 Combat Bots Only 13 | . 4 2 . 2 . . . 2 3 1 . 8 1 . . . . 1 3 10 13 6 Max Kills in Single Turn 5 | . 2 2 . 1 1 1 . 3 3 1 . 5 1 1 . . . 1 3 5 4 5 Gunslinging 1 | . 1 . . . . . . . . . . . . . . . . . . . 1 . Exploded 5 | . . 2 . . . . . 2 3 . . 5 1 . . . . . 3 5 3 2 Melee 1 | . . . . 1 . . . 1 . . . . . . . . . . . 1 . . Uniques/NPCs Destroyed . | . . . . . . . . . . . . . . . . . . . . . . . Combat | -11 -10 -10 -8 -6 -6 -6 -6 -5 -5 -5 -5 -5 -4 -4 -4 -4 -4 -3 -3 -3 -2 -1 -------- Run | Yrd Mat Sub Scr Fac Low Low Zio Pro Fac Upp Upp War Pro Fac Upp Upp Zhi Pro Res Tes Res Acc Hostile Shots Fired 1163 | . 20 57 . 73 35 19 . 18 25 4 21 72 7 20 . 12 . 11 25 123 299 322 Missed 354 | . 3 21 . 22 10 6 . 9 5 3 11 31 6 7 . 4 . 1 2 40 85 88 Hits 809 | . 17 36 . 51 25 13 . 9 20 1 10 41 1 13 . 8 . 10 23 83 214 234 Melee 3 | . . . . . . 2 . . 1 . . . . . . . . . . . . . Projectile 806 | . 17 36 . 51 25 11 . 9 19 1 10 41 1 13 . 8 . 10 23 83 214 234 AOE 4 | . . . . . . . . . . . . . . . . . . . . 1 3 . Critical Strikes 42 | . . 4 . . 1 1 1 1 3 . 1 3 . 2 . 1 . . . 3 12 9 Part Disruptions 3 | . . . . . . . . . . . . . . . . . . . . 2 1 . Damage Taken 18994 | . 147 800 . 654 521 355 23 321 787 92 147 659 43 973 . 197 . 372 523 2176 5205 4999 Core 2942 | . 18 90 . 75 81 10 . 13 72 7 30 13 22 239 . 43 . 41 10 258 305 1615 Absorbed by Shields 349 | . . . . . . . . . 16 . 34 250 15 34 . . . . . . . . Redirected to Shielding 25 | . 4 21 . . . . . . . . . . . . . . . . . . . . Ignored by Resistances 311 | . . . . . . . . . 105 . . . . . . . . . . . 157 49 Regen/Repaired (Parts) 1871 | . . . . 218 240 109 . 182 243 16 24 204 . 287 . 63 . 60 66 159 . . Core Remaining (%) 76 | 100 . . 56 . . . . 78 . . . . 85 . . . . 71 . 70 78 . Volleys Fired 335 | . 14 79 . . 3 4 . 1 10 6 . 26 1 . . 2 . 3 1 33 133 19 Largest 6 | . 2 2 . . 1 1 . 1 1 1 . 1 1 . . 1 . 1 1 1 6 1 Hottest 345 | . 40 81 . . . 100 . 39 105 35 . 105 46 . . 35 . 35 46 300 345 49 Shots Fired 675 | . 29 160 . . 3 4 . 1 10 6 . 26 1 . . 2 . 3 1 33 377 19 Gun 470 | . 29 33 . . . 4 . . . . . 13 . . . 2 . . . 12 377 . Cannon 144 | . . 125 . . . . . . 3 6 . 2 . . . . . 3 . 5 . . Launcher 58 | . . 2 . . . . . 1 7 . . 11 1 . . . . . 1 16 . 19 Special 3 | . . . . . 3 . . . . . . . . . . . . . . . . . Kinetic 499 | . 29 160 . . . . . . . . . 13 . . . 2 . . . . 295 . Thermal 89 | . . . . . . 4 . . 3 6 . 2 . . . . . 3 . 17 54 . Explosive 36 | . . . . . . . . 1 6 . . 4 1 . . . . . 1 6 . 17 Electromagnetic 18 | . . . . . . . . . 1 . . 7 . . . . . . . 10 . . Entropic 30 | . . . . . . . . . . . . . . . . . . . . . 28 2 Robot Hit Streak 14 | . 6 12 . . 5 1 . . 3 2 . 14 . . . 2 . 1 1 14 13 10 Robot Miss Streak 9 | . 5 2 . . . 1 . 1 2 1 . 1 1 . . . . 1 . 4 9 1 Penetration Max 2 | . . . . . . . . . . . . 1 . . . . . . . . 2 . Secondary Targets 5 | . 2 . . . . . . . . . . . . . . . . . . . 3 . Max Gunslinging Chain 1 | . 1 . . . . . . . . . . . . . . . . . . . 1 . Capacitor 73 | . . . . . . . . . . . . . . . . . . . . . 73 . Shots Hit Robots 379 | . 19 54 . 14 18 8 . 1 5 4 1 17 . 4 . 2 . 1 4 18 193 16 Core Hits 517 | . 9 18 . 4 6 . . 7 13 1 . 29 1 2 . . . 1 4 104 265 53 Critical Kills 7 | . . 4 . . . . . . . . . 1 . . . . . . . . 2 . Critical Parts Destroyed 8 | . . . . . . . . . . . . 1 . . . 1 . . . . 6 . Critical Strikes 29 | . . 9 . 2 2 1 . . . . . 3 . . . 1 . . . . 10 1 Burn 1 | . . . . . . 1 . . . . . . . . . . . . . . . . Destroy 19 | . . 8 . . . . . . . . . 3 . . . 1 . . . . 7 . Blast 1 | . . 1 . . . . . . . . . . . . . . . . . . . . Sever 4 | . . . . 2 2 . . . . . . . . . . . . . . . . . Impale 1 | . . . . . . . . . . . . . . . . . . . . . . 1 Detonate 3 | . . . . . . . . . . . . . . . . . . . . . 3 . Melee Attacks 92 | . . . . 29 19 6 . 1 8 2 5 . . 6 . . . 3 6 3 . 4 Impact . | . . . . . . . . . . . . . . . . . . . . . . . Slashing 60 | . . . . 29 19 6 . . . . . . . . . . . . 3 3 . . Piercing 32 | . . . . . . . . 1 8 2 5 . . 6 . . . 3 3 . . 4 Sneak Attacks 31 | . . . . 7 13 3 . . . . 1 . . 4 . . . . 3 . . . Combat Hostiles . | . . . . . . . . . . . . . . . . . . . . . . . Follow-up Attacks . | . . . . . . . . . . . . . . . . . . . . . . . Damage Inflicted 35707 | . 225 1214 . 754 998 361 . 369 872 126 70 2080 188 228 . 45 . 33 430 6751 15201 5762 Guns 5612 | . 225 219 . . . 62 . . . . . 491 . . . 45 . . . 107 4463 . Cannons 1019 | . . 777 . . . . . . 60 64 . 22 . . . . . 33 . 63 . . Explosions 26288 | . . 218 . . . . . 336 812 . . 1567 188 . . . . . 248 6535 10738 5646 Melee 2770 | . . . . 754 998 299 . 33 . 62 70 . . 228 . . . . 182 46 . 98 Ramming 18 | . . . . . . . . . . . . . . . . . . . . . . 18 Kinetic 5567 | . 225 1214 . . . . . . . . . 491 . . . 45 . . . . 3592 . Thermal 15126 | . . . . . . 62 . . 60 64 . 22 . . . . . 33 . 3928 10957 . Explosive 7226 | . . . . . . . . 336 710 . . 1071 188 . . . . . 248 1292 . 3381 Electromagnetic 2155 | . . . . . . . . . 102 . . 496 . . . . . . . 1485 72 . Impact . | . . . . . . . . . . . . . . . . . . . . . . . Slashing 2097 | . . . . 754 998 299 . . . . . . . . . . . . . 46 . . Piercing 673 | . . . . . . . . 33 . 62 70 . . 228 . . . . 182 . . 98 Entropic 2845 | . . . . . . . . . . . . . . . . . . . . . 580 2265 Highest Corruption 8 | . 3 3 . . 1 1 1 . . . . 1 1 . . 2 2 2 . 8 6 3 Average Corruption 2 | . 2 3 . . 1 1 1 . . . . 1 1 . . 2 2 2 . 6 2 2 Corruption Purged . | . . . . . . . . . . . . . . . . . . . . . . . Corruption Blocked . | . . . . . . . . . . . . . . . . . . . . . . . Effects 173 | . 3 94 . . 3 11 1 . . . . . 6 . . 6 4 5 . 11 28 1 Message Errors 46 | . 1 20 . . 1 3 . . . . . . 1 . . 4 2 . . 2 12 . Matter Fused 42 | . . 29 . . . 2 1 . . . . . 2 . . 2 1 1 . 3 1 . Heat Flow Errors 18 | . . 10 . . . 2 . . . . . . . . . . 1 1 . 1 3 . Energy Discharges 19 | . . 10 . . . 2 . . . . . . 1 . . . . 2 . . 3 1 Parts Rejected 1 | . . . . . . . . . . . . . 1 . . . . . . . . . Parts Fused 1 | . . . . . . . . . . . . . . . . . . . . . 1 . Data Loss (minor) 21 | . . 10 . . 2 2 . . . . . . . . . . . . . 4 3 . Data Loss (major) 9 | . . 6 . . . . . . . . . . . . . . . 1 . 1 1 . Misfires 9 | . 1 6 . . . . . . . . . . . . . . . . . . 2 . Alerts 4 | . 1 2 . . . . . . . . . . 1 . . . . . . . . . Weapon Failures 3 | . . 1 . . . . . . . . . . . . . . . . . . 2 . Overload Shots 2 | . . . . . . . . . 1 . . 1 . . . . . . . . . . Overflow Damage 887 | . . . . 158 44 150 . 11 . 12 . 23 . . . . . . . 151 113 225 Projectiles 2 | . . . . . . . . . . . . . . . . . . . . 2 . . Explosions 521 | . . . . . . . . 11 . . . 23 . . . . . . . 149 113 225 Melee 364 | . . . . 158 44 150 . . . 12 . . . . . . . . . . . . Knockbacks 8 | . . 7 . . . . . . . . . . . . . . . . . . . 1 Impact 1 | . . . . . . . . . . . . . . . . . . . . . . 1 Kinetic 7 | . . 7 . . . . . . . . . . . . . . . . . . . . Secondary . | . . . . . . . . . . . . . . . . . . . . . . . Self-Inflicted Damage 833 | . . . . . . . . 41 . . . . . . . . . . . 155 440 197 Shots 34 | . . . . . . . . 1 . . . . . . . . . . . 6 22 5 Rammed 1 | . . . . . . . . . . . . . . . . . . . . . . 1 Targets Rammed 1 | . . . . . . . . . . . . . . . . . . . . . . 1 Kicked . | . . . . . . . . . . . . . . . . . . . . . . . Crushed . | . . . . . . . . . . . . . . . . . . . . . . . Highest Temperature 431 | . 21 219 . . . 204 . . 52 . . 54 . . . . 146 82 284 225 431 . Average Temperature 100 | . 6 79 . . . 87 . . 18 . . 12 . . . . 107 47 159 62 133 . Received Heat Transfer 1754 | . 30 171 . 24 84 81 . 24 153 12 15 132 . 163 . . . 45 60 292 342 126 Effects 4 | . . . . . . . . . . . . . . . . . . . . . 4 . Shutdowns 1 | . . . . . . . . . . . . . . . . . . . . . 1 . Matter Decay 3 | . . . . . . . . . . . . . . . . . . . . . 3 . Siege Activations . | . . . . . . . . . . . . . . . . . . . . . . . Martial Activations . | . . . . . . . . . . . . . . . . . . . . . . . Shielding Activations 1 | . . . . . . . . . . . . . . . . . . . . . . 1 Total Turns 3 | . . . . . . . . . . . . . . . . . . . . . . 3 Longest Duration 3 | . . . . . . . . . . . . . . . . . . . . . . 3 Robots Disrupted . | . . . . . . . . . . . . . . . . . . . . . . . Combat Hostiles . | . . . . . . . . . . . . . . . . . . . . . . . Robots Corrupted 1 | . . . . . . . . . . . . . . . . . . . . 1 . . Combat Hostiles . | . . . . . . . . . . . . . . . . . . . . . . . Parts Fried 5 | . . . . . . . . . 1 1 . . . . . . . . . 3 . . Impact Corruptions . | . . . . . . . . . . . . . . . . . . . . . . . Robots Melted 11 | . . . . . . . . . . . . . . . . . . . . 4 7 . Combat Hostiles 11 | . . . . . . . . . . . . . . . . . . . . 4 7 . Parts Melted 87 | . . . . . . . . . . . . . . . . . . . . 30 57 . Heat Transferred 19239 | . . . . . . 200 . . 80 100 . 25 . . . . . 50 . 4660 14124 . Parts Sabotaged . | . . . . . . . . . . . . . . . . . . . . . . . Parts Stolen . | . . . . . . . . . . . . . . . . . . . . . . . Parts Stripped . | . . . . . . . . . . . . . . . . . . . . . . . Power Chain Reactions 4 | . . . . . . . . . . . . 2 . . . . . . . 2 . . Alert | -11 -10 -10 -8 -6 -6 -6 -6 -5 -5 -5 -5 -5 -4 -4 -4 -4 -4 -3 -3 -3 -2 -1 ------- Run | Yrd Mat Sub Scr Fac Low Low Zio Pro Fac Upp Upp War Pro Fac Upp Upp Zhi Pro Res Tes Res Acc Maximum Alert Level 5 | . . . . . . . . . 3 . . . . 3 . . . . . 4 5 4 Low Security (%) 34 | 100 100 . . 100 . . . . 23 . . . . 1 . . . . 100 25 . . Level 1 10 | . . . . . . . . . 31 . . . . 29 . . . . . 6 . . Level 2 13 | . . . . . . . . . 27 . . . . 34 . . . . . 24 8 . Level 3 21 | . . . . . . . . . 16 . . . . 33 . . . . . 23 47 . Level 4 11 | . . . . . . . . . . . . . . . . . . . . 20 14 100 Level 5 6 | . . . . . . . . . . . . . . . . . . . . . 25 . High Security . | . . . . . . . . . . . . . . . . . . . . . 3 . Max Security . | . . . . . . . . . . . . . . . . . . . . . . . Peak Influence 2092 | . 95 . . 75 . . . . 907 . . . . 1055 . . . . 142 1190 2092 1566 Initial 1243 | . . . . . . . . . 176 . . . . 441 . . . . 4 76 664 1243 Average 621 | . 43 . . 8 . . . . 422 . . . . 594 . . . . 33 654 1227 1416 Influence Increases 11847 | . 125 20 . 154 184 456 . 520 1238 317 252 1363 468 1528 . 259 . 233 232 1672 2133 693 Destroy 0b10 Robot/C 5700 | . 100 20 . 60 120 260 . 280 520 140 120 700 200 560 . 120 . 140 100 820 1200 240 Destroy 0b10 Robot/NC 370 | . 5 . . 10 . 5 . . 30 . . 15 10 55 . . . . 5 60 115 60 Destroy Leader 872 | . 20 . . 20 20 40 . 30 94 30 20 . 30 102 . 30 . 20 20 112 248 36 Allied During Kill 2469 | . . . . 14 44 151 . 210 284 147 112 648 228 217 . 64 . 73 57 220 . . Disable Machine 540 | . . . . 15 . . . . 135 . . . . 120 . . . . . 120 150 . Anti-Garrison Action 200 | . . . . . . . . . . . . . . . . . . . . 200 . . Destroy Structure 1096 | . . . . 5 . . . . 160 . . . . 144 . . . . 50 140 390 207 Advance Influence 300 | . . . . . . . . . . . . . . 300 . . . . . . . . Partial Spotted 30 | . . . . . . . . . . . . . . . . . . . . . . 30 Lose Combat Pursuer 270 | . . . . 30 . . . . 15 . . . . 30 . 45 . . . . 30 120 Influence Decreases 10299 | . 70 75 . 144 194 372 84 240 654 583 340 680 1436 740 597 422 253 226 103 626 1243 1217 Entered New Map 4559 | . . 27 . . 4 . 84 . 104 321 114 510 1193 84 375 80 253 . 3 60 518 829 Time Decay 4574 | . 70 48 . 124 164 342 . 230 470 262 206 140 243 386 222 342 . 216 100 246 565 198 Search Patrol Dispatched 100 | . . . . . . . . . . . . . . 100 . . . . . . . . Lost Part 530 | . . . . . . 10 . 10 20 . 20 10 . 10 . . . 10 . 90 160 190 Lost Ally 386 | . . . . 20 26 20 . . 60 . . 20 . 160 . . . . . 80 . . Purge Threat 150 | . . . . . . . . . . . . . . . . . . . . 150 . . Squads Dispatched 61 | . 2 . . 4 . . . . 8 . . . . 8 . . . . 1 11 21 6 Investigation 8 | . . . . 1 . . . . 1 . . . . 1 . . . . . 1 3 1 Extermination 13 | . . . . 2 . . . . 2 . . . . 2 . . . . 1 1 4 1 Reinforcement 17 | . 2 . . 1 . . . . 2 . . . . 2 . . . . . 4 4 2 Assault 10 | . . . . . . . . . . . . . . . . . . . . 4 4 2 Garrison 13 | . . . . . . . . . 3 . . . . 3 . . . . . 1 6 . Intercept . | . . . . . . . . . . . . . . . . . . . . . . . Searches Triggered 1 | . . . . . . . . . . . . . . 1 . . . . . . . . Construction Impeded 2 | . . . . . . . . . . . . . . . . . . . . 1 1 . Haulers Reinforced 4 | . . . . . . . . . . . . . . . . . . . . . 2 2 Active Scanning Responses . | . . . . . . . . . . . . . . . . . . . . . . . Cargo Convoy Interrupts 1 | . . . . 1 . . . . . . . . . . . . . . . . . . Stealth | -11 -10 -10 -8 -6 -6 -6 -6 -5 -5 -5 -5 -5 -4 -4 -4 -4 -4 -3 -3 -3 -2 -1 --------- Run | Yrd Mat Sub Scr Fac Low Low Zio Pro Fac Upp Upp War Pro Fac Upp Upp Zhi Pro Res Tes Res Acc Distress Signals 9 | . 1 . . 1 . . . . . . . 1 . . . . . . . . 2 4 Communications Jammed 194 | . . . . . . . . . 8 . . 183 . 3 . . . . . . . . Distress Signals 190 | . . . . . . . . . 7 . . 183 . . . . . . . . . . Times Spotted 389 | . 8 17 . 12 8 12 1 14 26 10 6 46 12 26 . 8 . 5 6 63 79 30 Peak Tracking Total 13 | . 3 2 . 4 3 3 1 4 4 3 3 9 5 4 . 2 . 3 3 13 6 9 Tactical Retreats 11 | . . . . 2 . . . . 1 . . . . 1 . 2 . . . . 2 3 Traps | -11 -10 -10 -8 -6 -6 -6 -6 -5 -5 -5 -5 -5 -4 -4 -4 -4 -4 -3 -3 -3 -2 -1 ------- Run | Yrd Mat Sub Scr Fac Low Low Zio Pro Fac Upp Upp War Pro Fac Upp Upp Zhi Pro Res Tes Res Acc Traps Triggered 10 | . 2 . . . . . . . 4 . . . . 1 . . . . . 1 2 . Indirectly 1 | . . . . . . . . . . . . . . . . . . . . 1 . . Trap Hack Attempts . | . . . . . . . . . . . . . . . . . . . . . . . Triggered . | . . . . . . . . . . . . . . . . . . . . . . . Disarmed . | . . . . . . . . . . . . . . . . . . . . . . . Reprogrammed . | . . . . . . . . . . . . . . . . . . . . . . . Reused . | . . . . . . . . . . . . . . . . . . . . . . . Traps Extracted . | . . . . . . . . . . . . . . . . . . . . . . . Installed . | . . . . . . . . . . . . . . . . . . . . . . . Triggered . | . . . . . . . . . . . . . . . . . . . . . . . Most Traps Carried 1 | . . . . . . 1 1 . . . . . . . . . . . . . . . Machines | -11 -10 -10 -8 -6 -6 -6 -6 -5 -5 -5 -5 -5 -4 -4 -4 -4 -4 -3 -3 -3 -2 -1 ---------- Run | Yrd Mat Sub Scr Fac Low Low Zio Pro Fac Upp Upp War Pro Fac Upp Upp Zhi Pro Res Tes Res Acc Machines Disabled 39 | . . 1 . 1 . . . . 9 . . 2 . 8 . . . . . 8 10 . Max in Single Turn 1 | . . 1 . 1 . . . . 1 . . 1 . . . . . . . 1 1 . Garrison Access 2 | . . . . . . . . . . . . . . . . . . . . 1 1 . Machines Repaired . | . . . . . . . . . . . . . . . . . . . . . . . Machines Dismantled . | . . . . . . . . . . . . . . . . . . . . . . . Machines Sabotaged . | . . . . . . . . . . . . . . . . . . . . . . . Overloaded Fab Kills . | . . . . . . . . . . . . . . . . . . . . . . . Hacking | -11 -10 -10 -8 -6 -6 -6 -6 -5 -5 -5 -5 -5 -4 -4 -4 -4 -4 -3 -3 -3 -2 -1 --------- Run | Yrd Mat Sub Scr Fac Low Low Zio Pro Fac Upp Upp War Pro Fac Upp Upp Zhi Pro Res Tes Res Acc Machines Accessed 33 | . . 4 2 2 2 1 . . 2 . . 5 . 2 1 . 4 . 1 2 4 1 Terminals 7 | . . . . 1 . . . . 1 . . . . 1 . . . . 1 1 2 . Fabricators . | . . . . . . . . . . . . . . . . . . . . . . . Repair Stations 1 | . . . . . . . . . . . . . . . . . . . . . . 1 Recycling Units 2 | . . . . 1 . . . . 1 . . . . . . . . . . . . . Scanalyzers . | . . . . . . . . . . . . . . . . . . . . . . . Garrison Access 4 | . . . . . . . . . . . . . . 1 . . . . . 1 2 . Total Hacks 94 | . . 7 20 7 2 1 . . 2 . . 14 . 4 1 . 17 . 2 7 7 3 Successful 71 | . . 7 20 3 2 1 . . 1 . . 14 . . 1 . 17 . 1 3 1 . Failed 23 | . . . . 4 . . . . 1 . . . . 4 . . . . 1 4 6 3 Catastrophic 5 | . . . . . . . . . . . . . . 1 . . . . . . 3 1 Database Lockouts . | . . . . . . . . . . . . . . . . . . . . . . . Manual 8 | . . . . 1 . . . . 1 . . . . . . . . . 2 4 . . Terminals 14 | . . . . 2 . . . . 1 . . . . 1 . . . . 2 4 4 . Fabricators . | . . . . . . . . . . . . . . . . . . . . . . . Repair Stations 3 | . . . . . . . . . . . . . . . . . . . . . . 3 Recycling Units 6 | . . . . 5 . . . . 1 . . . . . . . . . . . . . Scanalyzers . | . . . . . . . . . . . . . . . . . . . . . . . Garrison Access 9 | . . . . . . . . . . . . . . 3 . . . . . 3 3 . Terminal Hacks 67 | . . 7 20 2 2 1 . . . . . 14 . . 1 . 17 . 1 2 . . Record 36 | . . 4 20 . . . . . . . . 7 . . . . 5 . . . . . Part Schematic 4 | . . . . . . . . . . . . . . . . . 4 . . . . . Robot Analysis 4 | . . . . . . . . . . . . . . . . . 4 . . . . . Prototype ID Bank 10 | . . . . . . . . . . . . 6 . . . . 4 . . . . . Open Door 6 | . . 1 . . 2 1 . . . . . 1 . . 1 . . . . . . . Branch Access Points 1 | . . . . . . . . . . . . . . . . . . . 1 . . . Alert Level 2 | . . . . 1 . . . . . . . . . . . . . . . 1 . . Unreport Threat 1 | . . . . . . . . . . . . . . . . . . . . 1 . . Surveillance Status 1 | . . . . 1 . . . . . . . . . . . . . . . . . . Proto ID Catalog 1 | . . 1 . . . . . . . . . . . . . . . . . . . . Release Object 1 | . . 1 . . . . . . . . . . . . . . . . . . . . Fabricator Hacks . | . . . . . . . . . . . . . . . . . . . . . . . Repair Station Hacks . | . . . . . . . . . . . . . . . . . . . . . . . Recycling Unit Hacks . | . . . . . . . . . . . . . . . . . . . . . . . Scanalyzer . | . . . . . . . . . . . . . . . . . . . . . . . Garrison Access Hacks 1 | . . . . . . . . . . . . . . . . . . . . . 1 . Seal Access 1 | . . . . . . . . . . . . . . . . . . . . . 1 . Unauthorized Hacks 3 | . . . . 1 . . . . 1 . . . . . . . . . . 1 . . Terminals . | . . . . . . . . . . . . . . . . . . . . . . . Fabricators . | . . . . . . . . . . . . . . . . . . . . . . . Repair Stations . | . . . . . . . . . . . . . . . . . . . . . . . Recycling Units 2 | . . . . 1 . . . . 1 . . . . . . . . . . . . . Scrapoids 2 | . . . . 1 . . . . 1 . . . . . . . . . . . . . Scanalyzers . | . . . . . . . . . . . . . . . . . . . . . . . Garrison Access 1 | . . . . . . . . . . . . . . . . . . . . 1 . . Jam 1 | . . . . . . . . . . . . . . . . . . . . 1 . . Data Cores Recovered 3 | . . . . . . . . . 1 . . . . . . . . . 1 . 1 . Used 2 | . . . . . . . . . 1 . . . . . . . . . . . 1 . Hacking Detections 10 | . . . . 1 . . . . . . . . . 2 . . . . 1 2 3 1 Full Trace Events 4 | . . . . . . . . . . . . . . 1 . . . . . . 2 1 Feedback Events . | . . . . . . . . . . . . . . . . . . . . . . . Feedback Blocked . | . . . . . . . . . . . . . . . . . . . . . . . Robot Schematics Acquired 2 | . . . . . . . . . . . . . . . . . . . . 2 . . Robots Built . | . . . . . . . . . . . . . . . . . . . . . . . Authchips . | . . . . . . . . . . . . . . . . . . . . . . . Time . | . . . . . . . . . . . . . . . . . . . . . . . Total Robot Build Rating . | . . . . . . . . . . . . . . . . . . . . . . . Part Schematics Acquired 7 | . . . . . . . . . . . . . . . . . 4 . . 3 . . Parts Built . | . . . . . . . . . . . . . . . . . . . . . . . Authchips . | . . . . . . . . . . . . . . . . . . . . . . . Time . | . . . . . . . . . . . . . . . . . . . . . . . Total Part Build Rating . | . . . . . . . . . . . . . . . . . . . . . . . Part Studies Acquired . | . . . . . . . . . . . . . . . . . . . . . . . Parts Repaired . | . . . . . . . . . . . . . . . . . . . . . . . Time . | . . . . . . . . . . . . . . . . . . . . . . . Parts Recycled . | . . . . . . . . . . . . . . . . . . . . . . . Recycled Matter . | . . . . . . . . . . . . . . . . . . . . . . . Retrieved Matter . | . . . . . . . . . . . . . . . . . . . . . . . Retrieved Components . | . . . . . . . . . . . . . . . . . . . . . . . Parts Scanalyzed . | . . . . . . . . . . . . . . . . . . . . . . . Part Schematics Acquired . | . . . . . . . . . . . . . . . . . . . . . . . Parts Damaged . | . . . . . . . . . . . . . . . . . . . . . . . Bothacking | -11 -10 -10 -8 -6 -6 -6 -6 -5 -5 -5 -5 -5 -4 -4 -4 -4 -4 -3 -3 -3 -2 -1 ------------ Run | Yrd Mat Sub Scr Fac Low Low Zio Pro Fac Upp Upp War Pro Fac Upp Upp Zhi Pro Res Tes Res Acc Used RIF Installer . | . . . . . . . . . . . . . . . . . . . . . . . Robots Hacked . | . . . . . . . . . . . . . . . . . . . . . . . Non-combat . | . . . . . . . . . . . . . . . . . . . . . . . Combat . | . . . . . . . . . . . . . . . . . . . . . . . Robot Hacks Applied . | . . . . . . . . . . . . . . . . . . . . . . . Relay Couplers Released 3 | . . . . . . . . . . . . . . 3 . . . . . . . . Programmers 3 | . . . . . . . . . . . . . . 3 . . . . . . . . Fabnet Peak Effective % . | . . . . . . . . . . . . . . . . . . . . . . . Robots Rewired 4 | . . . . . . . . . . . . 4 . . . . . . . . . . Allies Hacked 4 | . . . . . 1 . . . . . . . . 2 . 1 . . . . . . Hacks Repelled . | . . . . . . . . . . . . . . . . . . . . . . . Allies | -11 -10 -10 -8 -6 -6 -6 -6 -5 -5 -5 -5 -5 -4 -4 -4 -4 -4 -3 -3 -3 -2 -1 -------- Run | Yrd Mat Sub Scr Fac Low Low Zio Pro Fac Upp Upp War Pro Fac Upp Upp Zhi Pro Res Tes Res Acc Total Allies 27 | . . . 1 5 6 . 4 . 5 . . 4 . . . . . . . 1 . 1 Largest Group 7 | . . . 1 5 6 2 6 6 6 5 3 7 5 1 1 1 1 1 1 2 . . Highest-Rated Group 393 | . . . 30 140 263 147 305 305 348 301 203 393 282 116 116 118 118 118 120 194 . . Highest-Rated Ally 120 | . . . 30 28 119 119 119 119 119 113 113 116 116 116 116 118 118 118 120 120 . . Initial UFD Resources 30 | . . . . 23 20 20 20 22 22 19 19 19 21 21 21 21 21 24 24 24 26 30 Total Orders 33 | . . . . 2 8 . 2 1 2 2 . 5 5 1 . . 1 . . 4 . . STAY 16 | . . . . 2 4 . 1 1 1 1 . 2 1 . . . 1 . . 2 . . FOLLOW 16 | . . . . . 4 . 1 . 1 1 . 3 4 . . . . . . 2 . . GUARD 1 | . . . . . . . . . . . . . . 1 . . . . . . . . Ally Attacks 751 | . . . . 8 58 62 . 55 92 60 12 147 40 90 . 19 . 13 20 75 . . Total Damage 30069 | . . . . 152 1152 2083 . 2100 4141 2395 527 4664 1479 5962 . 634 . 803 645 3332 . . Kills 191 | . . . . 1 6 13 . 13 24 12 6 24 11 41 . 8 . 6 3 23 . . Allies Corrupted 2 | . . . . . . . . . 2 . . . . . . . . . . . . . Allies Melted . | . . . . . . . . . . . . . . . . . . . . . . . Borg Created 28 | . . . . 5 2 . . . 5 1 . 1 . 11 . 2 . . 1 . . . Largest Collective 6 | . . . . 3 4 . . . 4 5 . 6 . 4 . 3 . . 4 . . . Intel | -11 -10 -10 -8 -6 -6 -6 -6 -5 -5 -5 -5 -5 -4 -4 -4 -4 -4 -3 -3 -3 -2 -1 ------- Run | Yrd Mat Sub Scr Fac Low Low Zio Pro Fac Upp Upp War Pro Fac Upp Upp Zhi Pro Res Tes Res Acc Active Infowar (turns) 9629 | . . . 31 447 1282 . 1420 488 1186 578 425 1292 630 367 . . . . . 136 1114 233 Optics 2 | . . . . . . . . . . . . 2 . . . . . . . . . . Sensors 8328 | . . . . 446 1281 . 1417 488 1186 578 350 1099 . . . . . . . 136 1114 233 IFF 53 | . . . . 53 . . . . . . . . . . . . . . . . . . Structural 3159 | . . . 31 . . . 822 488 1169 578 71 . . . . . . . . . . . Jamming 7252 | . . . . 173 1278 . 1420 488 1186 578 425 707 630 367 . . . . . . . . Robot Analysis Total 4 | . . . . . . . . . . . . . . . . . 4 . . . . . Derelict Logs Recovered 20 | . . 3 . . 2 2 2 1 . 2 2 . 1 . 2 3 . . . . . . Drone Launches . | . . . . . . . . . . . . . . . . . . . . . . . Drone Recoveries . | . . . . . . . . . . . . . . . . . . . . . . . Exploration | -11 -10 -10 -8 -6 -6 -6 -6 -5 -5 -5 -5 -5 -4 -4 -4 -4 -4 -3 -3 -3 -2 -1 ------------- Run | Yrd Mat Sub Scr Fac Low Low Zio Pro Fac Upp Upp War Pro Fac Upp Upp Zhi Pro Res Tes Res Acc Turns Passed 29108 | 76 253 6326 4176 1129 2366 1701 2356 488 1186 578 425 1351 630 902 470 765 291 532 428 532 1743 404 Spaces Moved 15012 | 46 124 1772 2219 579 1414 1076 1516 342 630 333 265 727 372 514 313 420 145 294 218 258 1033 402 Core 1465 | 6 . . 1202 . . . . . . . . . . . . . . . . . . 257 Treads 2953 | 40 124 1772 1017 . . . . . . . . . . . . . . . . . . . Legs 2501 | . . . . . . . . . . . . . . . . 414 145 294 218 252 1033 145 Wheels 8093 | . . . . 579 1414 1076 1516 342 630 333 265 727 372 514 313 6 . . . 6 . . Hover . | . . . . . . . . . . . . . . . . . . . . . . . Flight . | . . . . . . . . . . . . . . . . . . . . . . . Fastest Speed 50 | 50 160 160 50 160 140 140 100 140 150 150 150 150 160 150 150 150 175 175 176 116 118 50 Average Speed 175 | 145 160 341 185 160 143 149 141 140 158 150 150 154 160 153 150 174 175 175 177 151 122 76 Slowest Speed 560 | 160 160 560 560 160 160 150 150 140 160 150 150 160 160 160 150 175 175 175 178 260 192 260 Overloaded Moves . | . . . . . . . . . . . . . . . . . . . . . . . Propulsion Burnouts . | . . . . . . . . . . . . . . . . . . . . . . . Robots Hopped . | . . . . . . . . . . . . . . . . . . . . . . . Potential Cave-ins 2 | . . . . . . . . . . . . . . . . . . . . . 2 . Cave-ins Triggered 1 | . . . . . . . . . . . . . . . . . . . . 1 . . Teleports 1 | . . . . . . . . . . . . . . . . . . . . 1 . . Exploration Rate (%) 49 | 3 23 83 74 11 65 97 84 56 21 61 58 79 71 21 51 69 60 53 7 34 35 13 Regions Visited 22 Branch Regions 15 Pre-discovered Areas 16 | . . 2 5 . . . 1 1 . . . 1 . . 1 2 3 . . . . . Known Exits Taken 17 | . . . 1 1 1 . . 1 1 1 1 1 1 1 1 1 1 1 1 1 1 . Unknown Exits Taken 5 | 1 1 1 . . . 1 1 . . . . . . . . . . . . . . . Scrap Searched 48 | . . 14 9 . 3 7 4 3 . 2 . . 1 . 2 2 . 1 . . . . Spaces Dug 57 | . . . . 5 1 . . . 4 1 4 . . 2 . . . 3 3 . 28 6 Terrain Destroyed 543 | . . 33 . 5 1 1 . 21 38 3 4 45 13 2 . 1 . 5 21 67 174 109 Melee 22 | . . . . 5 1 . . . 4 . 4 . . 2 . . . 3 3 . . . Projectile 145 | . . 15 . . . 1 . . 1 3 . 3 . . . 1 . 2 . 1 118 . AOE 372 | . . 18 . . . . . 21 33 . . 42 13 . . . . . 18 66 52 109 Terrain Rammed . | . . . . . . . . . . . . . . . . . . . . . . . Walls Destroyed . | . . . . . . . . . . . . . . . . . . . . . . . Machines Disabled . | . . . . . . . . . . . . . . . . . . . . . . . Actions | -11 -10 -10 -8 -6 -6 -6 -6 -5 -5 -5 -5 -5 -4 -4 -4 -4 -4 -3 -3 -3 -2 -1 --------- Run | Yrd Mat Sub Scr Fac Low Low Zio Pro Fac Upp Upp War Pro Fac Upp Upp Zhi Pro Res Tes Res Acc Total 17140 | 53 153 1896 2273 750 1749 1157 1730 347 781 400 282 930 404 592 314 447 183 302 245 348 1332 472 Wait 920 | . 12 . 11 91 198 54 179 . 75 50 4 115 25 32 . . 17 . . 4 33 20 Move 14990 | 45 123 1771 2218 578 1413 1075 1515 341 629 332 264 726 371 513 312 419 144 293 217 257 1032 402 Hop . | . . . . . . . . . . . . . . . . . . . . . . . Pick Up 214 | 3 3 23 20 17 45 8 19 1 8 2 2 10 2 7 . 4 4 . 4 12 20 . Fast Attach 101 | 5 1 . 7 5 7 1 6 . 8 1 . 8 1 2 . 3 7 . 6 11 21 1 Attach 73 | . . 4 2 5 4 1 2 1 4 . 2 3 . 2 . 3 1 2 1 5 15 16 Detach 18 | . . . . 3 . . 3 . 1 . . 1 . . . . . . . 3 1 6 Swap 89 | . . 7 2 1 3 . . 2 4 2 3 11 3 4 1 5 1 1 2 8 28 1 Drop 233 | . . 12 13 14 55 8 6 . 8 4 2 16 1 7 1 8 9 . 6 12 49 2 Fire 335 | . 14 79 . . 3 4 . 1 10 6 . 26 1 . . 2 . 3 1 33 133 19 Melee 92 | . . . . 29 19 6 . 1 8 2 5 . . 6 . . . 3 6 3 . 4 Ram 1 | . . . . . . . . . . . . . . . . . . . . . . 1 Kick . | . . . . . . . . . . . . . . . . . . . . . . . Crush . | . . . . . . . . . . . . . . . . . . . . . . . Escape Stasis 16 | . . . . . . . . . 16 . . . . . . . . . . . . . Rewire 27 | . . . . 2 . . . . 4 . . 12 . 7 . 1 . . 1 . . . Trap . | . . . . . . . . . . . . . . . . . . . . . . . Miscellaneous 31 | . . . . 5 2 . . . 6 1 . 2 . 12 . 2 . . 1 . . . Route ------- -11/Scrapyard -10/Materials (discovered 2 exits: [*Min] / *Sub) -10/Subcaves (discovered 3 exits: [*Mat x2] / *Scr) -8/Scraptown (discovered 2 exits: *Fac x2) -6/Factory (discovered 8 exits: Fac x4 / *Low x2 / Ext x2) -6/Lower Caves -6/Lower Caves (discovered 2 exits: *Fac / [*Zio]) -6/Zion -5/Proximity Caves -5/Factory (discovered 2 exits: Fac / *Upp) -5/Upper Caves -5/Upper Caves (discovered 2 exits: Fac / *War) -5/Warlord -4/Proximity Caves -4/Factory (discovered 3 exits: Res / *Upp / Arm) -4/Upper Caves -4/Upper Caves -4/Zhirov -3/Proximity Caves -3/Research (discovered 2 exits: *Tes x2) -3/Testing -2/Research -1/Access (discovered 1 exit: Com) History --------- Turn | Location | Event 3 | -11/Scrapyard | Discovered new exit (range 16) 77 | -11/Scrapyard | Entered Materials 244 | -10/Materials | Discovered new exit (range 10) 314 | -10/Materials | Build established: Mutant 322 | -10/Materials | Discovered new exit (range 6) 330 | -10/Materials | Entered Subcaves 331 | -10/Subcaves | Approached by a straggling Scientist 362 | -10/Subcaves | Learned location of Zion (-6) 382 | -10/Subcaves | Scientist uncovered a shortcut to Scraptown 435 | -10/Subcaves | Learned location of 1 exit from Materials 507 | -10/Subcaves | Shifting Twisted Machinery released Spk. Treads 510 | -10/Subcaves | Shifting Twisted Machinery released Battle Cannon 963 | -10/Subcaves | Met a Zionite searching for "candidates" 1046 | -10/Subcaves | Visited Clippyterm 1055 | -10/Subcaves | Learned 40 Factory zone layouts 1603 | -10/Subcaves | Shifting Twisted Machinery released Sub. Laser 1687 | -10/Subcaves | Shifting Twisted Machinery released Shrapnel Trap 2045 | -10/Subcaves | A swath of the cavern ceiling suddenly collapsed 2739 | -10/Subcaves | Shifting Twisted Machinery released Spk. Treads 2773 | -10/Subcaves | Shifting Twisted Machinery released Riot Gun 4182 | -10/Subcaves | Discovered new exit (range 10) 4343 | -10/Subcaves | A swath of the cavern ceiling suddenly collapsed 4772 | -10/Subcaves | Visited 4L-MR0's lab 4823 | -10/Subcaves | Found Prototype Special Melee Weapon 4833 | -10/Subcaves | Found Flightbrick 4960 | -10/Subcaves | Discovered new exit (range 16) 5046 | -10/Subcaves | A Subdweller sparked back to life 5082 | -10/Subcaves | Found Gun Armor 6656 | -10/Subcaves | Entered Scraptown 6656 | -8/Scraptown | System corruption cleaned by C-Scrubber 6960 | -8/Scraptown | Visited UFD Registry 6960 | -8/Scraptown | Registered with UFD as "Protonframe" 7086 | -8/Scraptown | Visited Curators Association 7258 | -8/Scraptown | Visited Junk Cannon Lab 7334 | -8/Scraptown | Visited DA-N13 Charitable Foundation 7476 | -8/Scraptown | Visited Cartography Club 7507 | -8/Scraptown | Found Deep Structural Scanner 7513 | -8/Scraptown | Learned location of Recycling (-8) 7513 | -8/Scraptown | Learned location of Testing (-3) 7513 | -8/Scraptown | Learned location of Quarantine (-2) 7513 | -8/Scraptown | Learned 16 Materials zone layouts 7513 | -8/Scraptown | Learned 24 Factory zone layouts 7513 | -8/Scraptown | Learned 12 Lower Caves zone layouts 7513 | -8/Scraptown | Learned 8 Upper Caves zone layouts 7513 | -8/Scraptown | Learned 16 Upper Caves zone layouts 7513 | -8/Scraptown | Learned Research emergency access door positions 7513 | -8/Scraptown | Learned location of 3 exits from Factory 7513 | -8/Scraptown | Learned location of 1 exit from Lower Caves 7513 | -8/Scraptown | Learned location of 2 exits from Proximity Caves 7513 | -8/Scraptown | Identified exit to Factory 7529 | -8/Scraptown | Visited Botcube Research 7542 | -8/Scraptown | Visited Science Guys 7556 | -8/Scraptown | Found DCF Scrap (28 items) 7569 | -8/Scraptown | Visited Abandonware Association 7576 | -8/Scraptown | Learned abandonware demo "TRNCOAT.EXE" 7762 | -8/Scraptown | Visited Shadow of the Wyrm 7766 | -8/Scraptown | Visited Symbiants 7791 | -8/Scraptown | Visited Fellowship of the Rings 7797 | -8/Scraptown | Visited Bundlers 7852 | -8/Scraptown | Found Lrg. Botcube 7869 | -8/Scraptown | Visited A0-MCA Data Center 8005 | -8/Scraptown | Found Scrap Suit 8049 | -8/Scraptown | Lrg. Botcube activated 8054 | -8/Scraptown | Found Lrg. Botcube 8551 | -8/Scraptown | Build established: Derelict-Mutant 8577 | -8/Scraptown | Found Scrap Suit 8718 | -8/Scraptown | Visited Scrapoid Pod Storage 8736 | -8/Scraptown | Found Scrapoid Pod 10638 | -8/Scraptown | Met Optimus 10638 | -8/Scraptown | Accepted into 0bPrime 10832 | -8/Scraptown | Entered Factory 10832 | -6/Factory | Evolved 8 slots: Utility x4, Weapon x4 10833 | -6/Factory | Identified exit to Factory 10833 | -6/Factory | Identified exit to Lower Caves 10834 | -6/Factory | Identified exit to Extension 10837 | -6/Factory | Identified 1B-0RG's Assimilator 11031 | -6/Factory | Assimilating Informer 5a into Collective. 11310 | -6/Factory | Assimilating Slayer 5a into Collective. 11630 | -6/Factory | Assimilating Virus 5a into Collective. 11634 | -6/Factory | Assimilating Guardian 5a into Collective. 11646 | -6/Factory | Assimilating Hacker 5a into Collective. 11693 | -6/Factory | Build established: Mutant 11854 | -6/Factory | Scrapoid reinforcements arrived 11897 | -6/Factory | Cargo convoy interrupted 11961 | -6/Factory | Entered Lower Caves 11961 | -6/Lower Caves | Accompanied by 8 allies 11962 | -6/Lower Caves | Identified exit to Lower Caves 11977 | -6/Lower Caves | Spotted B-75 Beast 11992 | -6/Lower Caves | Allies destroyed B-75 Beast 12022 | -6/Lower Caves | Lost 3 allies 12032 | -6/Lower Caves | Found Scrap Suit 12183 | -6/Lower Caves | Found Scrap Suit 12291 | -6/Lower Caves | Scrapoid Pod released 06L10-D (x5) 12428 | -6/Lower Caves | Attached CPS modules to 06L09-D. 12433 | -6/Lower Caves | Attached CPS modules to 06L08-D. 12588 | -6/Lower Caves | Murdered 3 allies 12611 | -6/Lower Caves | Found Scrap Suit 12727 | -6/Lower Caves | Found Scrap Suit 13065 | -6/Lower Caves | Assimilating Soldier 5a into Collective. 13644 | -6/Lower Caves | Ambushed by research squad 13649 | -6/Lower Caves | Assimilating Slayer 5b into Collective. 13834 | -6/Lower Caves | Lrg. Botcube activated 13868 | -6/Lower Caves | Lrg. Botcube completed mutation into wheeled form, armed with 6 cannons. 14224 | -6/Lower Caves | Found Prototype Device 14227 | -6/Lower Caves | Identified Heart of Steel 14272 | -6/Lower Caves | Learned Factory stockpile data 14275 | -6/Lower Caves | Attached CPS modules to *superwarbot. 14327 | -6/Lower Caves | Entered another Lower Caves area 14327 | -6/Lower Caves | Accompanied by 6 allies 14399 | -6/Lower Caves | Learned location of 1 exit from Factory 14427 | -6/Lower Caves | Discovered exit to Factory (range 13) 14447 | -6/Lower Caves | Learned location of 1 exit from Factory 15055 | -6/Lower Caves | Discovered new exit (range 15) 16028 | -6/Lower Caves | Entered Zion 16028 | -6/Zion | Accompanied by 5 allies 16202 | -6/Zion | System corruption cleaned by Quarantine Array 16328 | -6/Zion | Learned location of Warlord (-5) 16341 | -6/Zion | Visited the Megawrench Repair Shop 16461 | -6/Zion | Learned 4 Factory zone layouts 16493 | -6/Zion | Learned location of 1 exit from Lower Caves 16554 | -6/Zion | Found CR-A16's Pointy Stick 16646 | -6/Zion | Found Prototype Device 16817 | -6/Zion | Identified Mobile Refinery Mk. CCLXVII 16898 | -6/Zion | Heart of Steel transformed into Warbot 17327 | -6/Zion | Found Prototype Device 17863 | -6/Zion | Gained Derelict followers 17868 | -6/Zion | Build established: Infiltrator-Mutant 18340 | -6/Zion | Discovered new exit (range 10) 18384 | -6/Zion | Entered Proximity Caves 18384 | -5/Proximity Caves | Accompanied by 9 allies (Warbot) 18651 | -5/Proximity Caves | Attracted the attention of an 0b10 checkpoint 18736 | -5/Proximity Caves | Spotted B-75 Beast 18744 | -5/Proximity Caves | Destroyed B-75 Beast 18872 | -5/Proximity Caves | Entered Factory 18872 | -5/Factory | Accompanied by 3 allies (Warbot) 18872 | -5/Factory | Evolved 2 slots: Power x1, Utility x1 18873 | -5/Factory | Identified exit to Factory 18873 | -5/Factory | Identified exit to Upper Caves 19203 | -5/Factory | Spotted B-75 Beast 19223 | -5/Factory | Allies destroyed B-75 Beast 19360 | -5/Factory | Assimilating Sentinel 6a into Collective. 19406 | -5/Factory | Build established: Scavenger-Mutant 19453 | -5/Factory | Garrison activated, responded to threat 19467 | -5/Factory | Assimilating Sage 6a into Collective. 19487 | -5/Factory | Assimilating Warrior 6a into Collective. 19490 | -5/Factory | Assimilating Fighter 6a into Collective. 19628 | -5/Factory | Found Prototype Launcher 19628 | -5/Factory | Identified Tesla Bomb Launcher 19632 | -5/Factory | Found Tesla Bomb Launcher 19833 | -5/Factory | Scrapoid reinforcements arrived 19990 | -5/Factory | Assimilating Sentinel 6b into Collective. 20058 | -5/Factory | Entered Upper Caves 20058 | -5/Upper Caves | Accompanied by 10 allies 20059 | -5/Upper Caves | Identified exit to Upper Caves 20156 | -5/Upper Caves | Learned Factory emergency access door positions 20248 | -5/Upper Caves | Attracted the attention of an 0b10 checkpoint 20280 | -5/Upper Caves | Build established: Commander-Assassin 20386 | -5/Upper Caves | Spotted B-75 Beast 20402 | -5/Upper Caves | Allies destroyed B-75 Beast 20432 | -5/Upper Caves | Found Scrap Suit 20500 | -5/Upper Caves | Ambushed by wild Derelicts 20520 | -5/Upper Caves | Assimilating NO-5D1(l) into Collective. 20546 | -5/Upper Caves | Learned location of 2 exits from Factory 20636 | -5/Upper Caves | Entered another Upper Caves area 20636 | -5/Upper Caves | Accompanied by 8 allies 20637 | -5/Upper Caves | Identified exit to Warlord 20684 | -5/Upper Caves | Learned Factory terminal intel 20708 | -5/Upper Caves | Attracted the attention of an 0b10 checkpoint 20929 | -5/Upper Caves | Build established: Scavenger-Mutant 21061 | -5/Upper Caves | Entered Warlord 21061 | -5/Warlord | Accompanied by 8 allies 21531 | -5/Warlord | Build established: Commander-Mutant 21640 | -5/Warlord | Found Prototype Energy Gun 21715 | -5/Warlord | Found Prototype Reactor 21715 | -5/Warlord | Identified Vortex Chain Reactor 21723 | -5/Warlord | Found Prototype Processor 21723 | -5/Warlord | Identified Spectral Analyzer 21732 | -5/Warlord | Found Prototype Processor 21732 | -5/Warlord | Identified Exp. Targeting Computer 21804 | -5/Warlord | Visited the Vortex Lab 21815 | -5/Warlord | Warlord's base attacked by MAIN.C 21817 | -5/Warlord | Found Prototype Launcher 21820 | -5/Warlord | Found Prototype Energy Gun 21820 | -5/Warlord | Identified Vortex Rail 21830 | -5/Warlord | Found Vortex Rail 22018 | -5/Warlord | Learned location of Command (-1) 22018 | -5/Warlord | Learned Quarantine trap positions 22018 | -5/Warlord | Learned 4 Testing zone layouts 22018 | -5/Warlord | Learned 4 Quarantine zone layouts 22021 | -5/Warlord | Learned Research garrison access intel 22095 | -5/Warlord | Assimilating Archangel 6a into Collective. 22165 | -5/Warlord | Warlord forces counterattacked 22215 | -5/Warlord | Spotted Striker 22237 | -5/Warlord | Spotted Executioner 22285 | -5/Warlord | Lost 5 allies 22315 | -5/Warlord | Spotted B-86 Titan 22317 | -5/Warlord | Discovered new exit (range 15) 22335 | -5/Warlord | Allies destroyed B-86 Titan 22345 | -5/Warlord | Destroyed 8 combat bots 22346 | -5/Warlord | Identified exit to Proximity Caves 22412 | -5/Warlord | Entered Proximity Caves 22412 | -4/Proximity Caves | Accompanied by 10 allies 22416 | -4/Proximity Caves | Spotted B-86 Titan 22435 | -4/Proximity Caves | Allies destroyed B-86 Titan 22505 | -4/Proximity Caves | Spotter reported a threat 22521 | -4/Proximity Caves | Learned Research security intel 22623 | -4/Proximity Caves | Spotter reported a threat 23042 | -4/Proximity Caves | Entered Factory 23042 | -4/Factory | Accompanied by 4 allies 23042 | -4/Factory | Evolved 2 slots: Propulsion x2 23043 | -4/Factory | Identified exit to Armory 23044 | -4/Factory | Identified exit to Upper Caves 23044 | -4/Factory | Identified exit to Research 23046 | -4/Factory | Loaded intel: 26 terminal locations 23114 | -4/Factory | Assimilating Conveyor 7a into Collective. 23292 | -4/Factory | Search patrols dispatched 23292 | -4/Factory | Assimilating Sentinel 7a into Collective. 23354 | -4/Factory | Build established: Mutant 23387 | -4/Factory | Assimilating Assassin 7a into Collective. 23402 | -4/Factory | Assimilating Sentinel 7b into Collective. 23521 | -4/Factory | Assimilating Veteran 7a into Collective. 23561 | -4/Factory | Assimilating Sage 7a into Collective. 23568 | -4/Factory | Assimilating Sage 7b into Collective. 23717 | -4/Factory | Assimilating Enforcer 7a into Collective. 23726 | -4/Factory | Build established: Scavenger-Mutant 23747 | -4/Factory | Assimilating Veteran 7b into Collective. 23807 | -4/Factory | Assimilating Sage 7c into Collective. 23908 | -4/Factory | Assimilating Sentinel 7c into Collective. 23944 | -4/Factory | Entered Upper Caves 23944 | -4/Upper Caves | Accompanied by 4 allies 24381 | -4/Upper Caves | Discovered new exit (range 13) 24406 | -4/Upper Caves | Identified exit to Upper Caves 24414 | -4/Upper Caves | Entered another Upper Caves area 24414 | -4/Upper Caves | Accompanied by 4 allies 24454 | -4/Upper Caves | Build established: Mutant 24799 | -4/Upper Caves | Assimilating Sage 7d into Collective. 24894 | -4/Upper Caves | Learned Research emergency access door positions 24959 | -4/Upper Caves | Learned location of Armory (-4) 24983 | -4/Upper Caves | Assimilating Assassin 7b into Collective. 25111 | -4/Upper Caves | Discovered new exit (range 14) 25160 | -4/Upper Caves | Identified exit to Zhirov 25179 | -4/Upper Caves | Entered Zhirov 25179 | -4/Zhirov | Accompanied by 4 allies 25179 | -4/Zhirov | Discovered new exit (range 4) 25181 | -4/Zhirov | Identified exit to Proximity Caves 25211 | -4/Zhirov | Met Zhirov 25252 | -4/Zhirov | Found Alien Artifact 25252 | -4/Zhirov | Identified Integrated Dissipator 25252 | -4/Zhirov | Installed Integrated Dissipator, increased core heat dissipation (+20) 25366 | -4/Zhirov | Found Alien Artifact 25419 | -4/Zhirov | Zhirov requested help retrieving the SGEMP Prototype 25470 | -4/Zhirov | Entered Proximity Caves 25470 | -3/Proximity Caves | Accompanied by 4 allies 25544 | -3/Proximity Caves | Attracted the attention of an 0b10 checkpoint 25673 | -3/Proximity Caves | Spotted B-86 Titan 25680 | -3/Proximity Caves | Allies destroyed B-86 Titan 25771 | -3/Proximity Caves | Build established: Hacker-Mutant 25872 | -3/Proximity Caves | Discovered exit to Research (range 9) 26002 | -3/Proximity Caves | Entered Research 26002 | -3/Research | Accompanied by 4 allies 26002 | -3/Research | Evolved 2 slots: Propulsion x2 26005 | -3/Research | Loaded intel: 4 garrison access locations 26070 | -3/Research | Identified exit to Testing 26177 | -3/Research | Assimilating Conveyor 8a into Collective. 26392 | -3/Research | Build established: Mutant 26430 | -3/Research | Entered Testing 26430 | -3/Testing | Accompanied by 4 allies 26497 | -3/Testing | Found Prototype Hackware 26497 | -3/Testing | Identified System Mapper 26549 | -3/Testing | Garrison activated, responded to threat 26669 | -3/Testing | Scanned by Researcher 26680 | -3/Testing | First assault squad dispatched 26721 | -3/Testing | Identified Transdimensional Reconstructor 26721 | -3/Testing | Warped through subspace 26749 | -3/Testing | Identified Plasma Storm 26783 | -3/Testing | Lost 7 parts (1p4n2w) 26787 | -3/Testing | Crushed by falling debris 26788 | -3/Testing | Found Lrg. Botcube 26899 | -3/Testing | Discovered new exit (range 10) 26899 | -3/Testing | Spotted PL-XL8XE1GNUL 26904 | -3/Testing | Destroyed PL-XL8XE1GNUL 26951 | -3/Testing | Identified exit to Research 26958 | -3/Testing | Destroyed 10 combat bots 26962 | -3/Testing | Entered Research 26962 | -2/Research | Evolved 2 slots: Utility x2 27054 | -2/Research | Build established: Scavenger-Executioner 27095 | -2/Research | Garrison activated, responded to threat 27123 | -2/Research | Found Quantum Capacitor 27212 | -2/Research | First assault squad dispatched 27251 | -2/Research | Lost 4 parts (2p1n1u) 27850 | -2/Research | Found Prototype Device 27850 | -2/Research | Identified Exp. Thermal Shield 28093 | -2/Research | Destroyed 7 combat bots 28169 | -2/Research | Garrison activated, responded to threat 28232 | -2/Research | Build established: Hacker-Executioner 28236 | -2/Research | Destroyed 9 combat bots 28488 | -2/Research | Discovered new exit (range 13) 28507 | -2/Research | Identified exit to Access 28644 | -2/Research | High security lockdown imminent 28685 | -2/Research | Destroyed 13 combat bots 28705 | -2/Research | Entered Access 28705 | -1/Access | Evolved 2 slots: Power x1, Utility x1 28706 | -1/Access | Identified exit to Command 28870 | -1/Access | Spotted B-99 Colossus 28901 | -1/Access | Lost 4 parts (2n2u) 28955 | -1/Access | First assault squad dispatched 28957 | -1/Access | Released all parts (7) 28960 | -1/Access | Identified Vortex Catalyst Activator 28967 | -1/Access | Core integrity fell below 50% 28987 | -1/Access | Core integrity fell below 20% 29012 | -1/Access | Lost 13 parts (2p6n4u1w) 29101 | -1/Access | Lrg. Botcube activated 29109 | -1/Access | Destroyed by G-73 Enforcer with Phase Gun Last Messages --------------- 28976_ U-05 Engineer lays Concrete. 28978_ Penetrated by Slug. 28981_ K-01 Serf destroyed. 28981_ Penetrated by Slug. 28981_ Vortex Catalyst Activator destroyed. 28982_ K-01 Serf collects debris. 28986_ Slug penetrates Wall. 28986_ K-01 Serf destroyed. 28991_ Slammed into R-10 Processor. 28991_ R-10 Processor knocked back. 29020_ K-01 Serf cleans the Repair Station. 29030_ Connecting with Repair Station... 29030_ ALERT: Suspicious activity at Repair Station A004. Dispatching Investigation squad. 29064_ System corrupted: Energy discharge (-22). 29086_ Connecting with Terminal... 29099_ Dropped Lrg. Botcube. 29099_ Dropped Imp. System Shield. 29101_ Lrg. Botcube begins transforming into Large Mutated Botcube. 29103_ Large Mutated Botcube reverted to Lrg. Botcube. Map ----- +----------------------------------------------------+ | ????????????????????????# #?????# # | | ????????????????????????# #?????# # | | ????????????????????????# #?????# # | | ????????????????????????# #?????# # | | ????????????????????????# #?????# # | | ????????????????????????# #?????# #### | | ????????????????????????# #?????# #??? | | ???????????###########??# #?????# #??? | | ???????????# ??# #?????# #??? | | ???????????# ?# ####### #??? | | ???????????# ?# [ ] #??? | | ???????????# # ???? | | ???????????# # ???? | | ???????????# + ???? | | ???????????# " # ! ???? | | ???????????# """ # """"""??????? | | ?????????????? """ ?# """"????????? | | ??????????????? " ?#[[ """""???????? | | ??????????????? ??#[[ !!gg """"""??????? | | ?????????????? ??#[[ !!gg """""" #? | | ?????????????########???# !! #? | | ????????????????????????# #??? | | ???????????############## #??? | | ???????????# # u #??? | | ???????????# # ########## "###??? | | ???????????# #@ #??????????"#????? | | ???????????# # #???????????#????? | | ???????????# + #?????????? ??## | | ???????????# " "" # #???????? ### | | ???????????#""" """# #????????? # | | ???????????# """ T"# #???????? # | | ???????????# " """# #????????""" # | | ???????????# "" # #????????""" / | | ???????????# # #????""""""" # | | ???????????# # #??? """"" # | | ???????????############## #?? + | | ????????????????????????# #?? # | | ????????????????????????# !&#?? # | | ????????????????????????###### ##????! # | | ?????????????????????????????# #??????##### # | | ?????????????????????????????# #????????# # | | ?????????????????????????????# #????????# # | | ?????????????????????????????# #????????######## | | ?????????????????????????????# #????????# | | ?????????????????????????????# #??????### | | ?????????????????????????????# #?###### % | | ?????????????????????????????# ### | | ?????????????????????????????# # | | ?????????????????????????????# # " | | ?????????????????????????##### # "" | +----------------------------------------------------+ Best States ------------- Heat Dissipation 126 Coolant Potential 100 Energy Generation 73 Energy Capacity 1200 Matter Stores 550 Matter Capacity 550 Sight Range 16 Robot Scan Range 18 Terrain Scan Density 10 Jamming Range 14 Armor Coverage 225 Resistance: KI 30 Resistance: TH 30 Core Shielding 20 Propulsion Shielding 66 Point Defense Rating 160 Evasion (%) 70 Targeting Accuracy 8 Recoil Reduction 2 Energy Filtering 30 Offensive Hacking 24 Item Schematics ----------------- Assault Drone Bay | -4/Zhirov | Free Exp. Optical Array | -4/Zhirov | Free Exp. Heat Sink | -4/Zhirov | Free Imp. Arc Thrower | -4/Zhirov | Free Prc. Phase Gun | -3/Testing | Archive Centrium Greatsword | -3/Testing | Archive Imp. Energy Well | -3/Testing | Archive Robot Schematics ------------------ X-77 Beamer | -3/Testing | Archive L-61 Swordsman | -3/Testing | Archive Fabricated ------------ Nothing Repaired ---------- Nothing Studied --------- None Alien Tech Used ----------------- Integrated Dissipator Transdimensional Reconstructor Achievements -------------- About That Survey... Brother of Steel Challenges ------------ None Game ------ Seed PlexusMasterAirjet Manual? 0 Play Time 02:30:54 Cumulative 440.0 hours Start 2026.02.17 @ 12:49:14 End 2026.02.17 @ 17:38:01 Sessions 2 Manual Loads 0 Difficulty Rogue Special Mode None Game No. 392 Rogue 356 Adventurer 36 Explorer 0 Win Type - Total 18 Types 9/0/9/0/0/0/0/0/0/0 Lore% 73 Gallery% 82 Achievement% 66 Wizard Run 0 Options --------- Layout 0 ASCII 0 Keyboard 0 Movement Mouse Keybinds 0 Fullscreen 1 Font 18/SmallcapsGlow Map View 76x50 Zoom Use 0% Tactical HUD 1 Map Filters NONE Filters NONE Steam 1 RUN: 3a416d35-07d1-40f7-8c7e-c07617729291